 Dungeon Crawl Stone Soup version 0.31-a0-177-g4aa6249778 (webtiles) character file.

Game seed: 3097976294924592589

1550 Maxmaps the Skirmisher (level 8, -8/56 HPs)
             Began as a Demonspawn Hunter on June 19, 2023.
             Was an Initiate of Gozag.
             Mangled by an orc warrior
             ... wielding a +0 glaive
              (16 damage)
             ... in a bailey.
             The game lasted 00:06:16 (4916 turns).

Maxmaps the Skirmisher (Demonspawn Hunter)          Turns: 4916, Time: 00:06:17

Health: -8/56      AC:  7    Str: 18    XL:     8   Next: 57%
Magic:  8/8        EV: 12    Int: 11    God:    Gozag
Gold:   545        SH:  0    Dex: 18    Spells: 7/7 levels left

rFire   . . .        a - +1 shortbow
rCold   . . .        (shield currently unavailable)
rNeg    + . .        g - +0 troll leather armour
rPois   .            (helmet restricted)
rElec   .            o - +0 cloak
rCorr   .            (no gloves)
SInv    .            (no boots)
Will    .....        (no amulet)
Stlth   ++           m - +6 ring of strength
HPRegen 1.09/turn    n - ring of positive energy
MPRegen 0.11/turn

%: no passive effects
@: invisible
A: antennae 2, thin metallic scales 1, foul stench 2
a: Renounce Religion, Potion Petition, Call Merchant, Bribe Branch


You were in a bailey.
You worshipped Gozag.
Gozag was pleased with you.
You visited 2 branches of the dungeon, and saw 8 of its levels.
You also visited: Bailey.

You collected 605 gold pieces.
You paid 60 gold pieces to Gozag.

Inventory:

Hand Weapons
 a - a +1 shortbow (weapon)
Armour
 g - a +0 troll leather armour (worn)
 o - a +0 cloak (worn)
Jewellery
 m - a +6 ring of strength (left hand)
 n - a ring of positive energy (right hand)
 t - a +6 ring of strength
 y - an amulet of magic regeneration
Wands
 j - a wand of flame (12)
 x - a wand of mindburst (16)
Scrolls
 b - 2 scrolls of butterflies
 d - a scroll of enchant weapon
 e - 2 scrolls of amnesia
 f - a scroll of torment
 k - a scroll of noise
 l - 7 scrolls of teleportation
 p - a scroll of fear
Potions
 c - a potion of berserk rage
 h - 2 potions of mutation
 q - a potion of degeneration
 r - 4 potions of curing
 s - a potion of might
 u - a potion of lignification
 w - 2 potions of enlightenment {unknown}


   Skills:
 - Level 2.0 Fighting
 + Level 10.6 Ranged Weapons
 - Level 1.7 Dodging
 - Level 0.8 Stealth


You had 7 spell levels left.
You didn't know any spells.
Your spell library contained the following spells:

 Spells                   Type           Power      Damage    Failure   Level
 Blink                    Tloc           0%         N/A       54%         2
 Lesser Beckoning         Tloc           0%         N/A       54%         2
 Momentum Strike          Conj/Tloc      0%         3d8       54%         2
 Ignite Poison            Fire/Tmut/Pois 0%         N/A       77%         3
 Cause Fear               Hex            0%         N/A       99%         4
 Sticky Flame             Conj/Fire      0%         2d3       99%         4
 Dragon Form              Tmut           0%         N/A       100%        7
 Ignition                 Fire           0%         3d3       100%        8
 Dragon's Call            Summ           0%         N/A       100%        9


Dungeon Overview and Level Annotations

Branches:
Dungeon (7/15)             Temple (1/1) D:4          Bailey (1/1)

Altars:
Ashenzari
Cheibriados
Dithmenos
Fedhas
Gozag
Hepliaklqana
Kikubaaqudgha
Makhleb
Nemelex Xobeh
Okawaru
Qazlal
Ru
Sif Muna
Trog
Uskayaw
Vehumet
Wu Jian
Xom
Yredelemnul

Shops:
D:3 !

Annotations:
D:4 2 transporters, DrChives's ghost, amateur DrIE


Innate Abilities, Weirdness & Mutations

You have a pair of antennae on your head.
You are partially covered in thin metallic scales. (AC +2)
You sometimes emit foul miasma when damaged in melee.


Message History

You shoot an arrow.
The arrow barely misses the orc warrior.
The arrow hits the orc.
The orc is almost dead.
The orc warrior closely misses you. The orc warrior misses you.
The orc warrior hits you from afar with a +0 glaive.
* * * LOW HITPOINT WARNING * * *
Fire: a) +1 shortbow
Press: ? - help, Shift-Dir - straight line, f/p - orc warrior
Aim: an orc warrior, wielding a +0 glaive and wearing a +0 plate armour (heavily wounded, unable to see you, 68% to hit)
You shoot an arrow.
The arrow barely misses the orc warrior.
The arrow hits the orc but does no damage.
The orc is almost dead.
Fire: a) +1 shortbow
Press: ? - help, Shift-Dir - straight line, f/p - orc warrior
Aim: an orc warrior, wielding a +0 glaive and wearing a +0 plate armour (heavily wounded, unable to see you, 68% to hit)
You shoot an arrow.
The arrow completely misses the orc warrior.
The arrow hits the orc but does no damage.
The orc is almost dead.
The orc warrior hits you from afar with a +0 spear!
* * * LOW HITPOINT WARNING * * *
The orc warrior misses you.
The orc warrior hits you from afar with a +0 glaive.
* * * LOW HITPOINT WARNING * * *
Unknown command.
Unknown command.
Fire: a) +1 shortbow
Press: ? - help, Shift-Dir - straight line, f/p - orc warrior
Aim: an orc warrior, wielding a +0 glaive and wearing a +0 plate armour (heavily wounded, unable to see you, 68% to hit)
You shoot an arrow.
The arrow closely misses the orc warrior.
The arrow hits the orc but does no damage.
The orc is almost dead.
The orc warrior hits you but does no damage.
The orc warrior barely misses you.
The orc warrior hits you from afar with a +0 glaive!
You die...
Your body crumbles into a pile of gold.

####### ♣≈≈≈≈≈♣
♣♣♣♣≈≈≈≈≈♣ ♣♣.@≈≈≈≈≈.♣
#♣o.≈≈≈≈≈..♣
#ooo≈≈≈≈..####
####oo≈≈≈≈≈..#$.####
###.....≈≈≈≈...# ....
♣♣♣...♣♣..≈≈≈≈...##..o
♣♣......♣..≈≈≈≈....#o.#
♣.........######...#.8#
♣..∩.......{o.o....#..#$


You could see 3 orc warriors and 3 orcs.

Vanquished Creatures
  Sigmund (D:2)
  Menkaure (D:4)
  An ice beast (D:5)
  An ogre (D:6)
  A phantom (D:4)
  3 scorpions
  2 howler monkeys (D:5)
  A hound (D:5)
  A jelly (D:6)
  Crazy Yiuf (D:4)
  2 orc priests
  An iron imp (D:4)
  Ijyb (D:3)
  Natasha (twice) (D:3)
  5 iguanas
  4 orc wizards
  Robin (D:3)
  A gnoll (D:2)
  12 adders
  2 white imps (D:6)
  4 ufetubi
  2 worms
  A dart slug (D:1)
  16 orcs
  6 bats
  6 endoplasms
  5 giant cockroaches
  21 goblins
  9 hobgoblins
  8 jackals
  4 quokkas
  10 ball pythons
  5 frilled lizards
  5 kobolds
  3 rats
149 creatures vanquished.

Notes
Turn   | Place    | Note
-------+----------+-------------------------------------------
     0 | D:1      | Maxmaps the Demonspawn Hunter began the quest for the Orb.
     0 | D:1      | Reached XP level 1. HP: 16/16 MP: 1/1
    63 | D:1      | Reached skill level 4 in Ranged Weapons
    63 | D:1      | Gained mutation: You are partially covered in thin metallic
                  | scales. (AC +2) [demonic ancestry]
    63 | D:1      | Reached XP level 2. HP: 22/22 MP: 2/2
   706 | D:1      | Reached XP level 3. HP: 27/27 MP: 3/3
  1075 | D:2      | Noticed Sigmund
  1167 | D:2      | Killed Sigmund
  1168 | D:2      | Reached skill level 6 in Ranged Weapons
  1168 | D:2      | Gained mutation: You have a pair of small antennae on your
                  | head. [demonic ancestry]
  1168 | D:2      | Reached XP level 4. HP: 25/33 MP: 4/4
  1168 | D:2      | Gained mutation: You may rarely emit foul miasma when
                  | damaged in melee. [demonic ancestry]
  1168 | D:2      | Reached XP level 5. HP: 29/38 MP: 5/5
  1573 | D:3      | Noticed Ijyb
  1584 | D:3      | Killed Ijyb
  1634 | D:3      | Found Ukuta's Distillery.
  1655 | D:3      | Reached XP level 6. HP: 18/44 MP: 6/6
  1699 | D:3      | Noticed Robin
  1715 | D:3      | Killed Robin
  1717 | D:3      | Reached skill level 7 in Ranged Weapons
  1795 | D:3      | Noticed Natasha
  1800 | D:3      | Killed Natasha
  1891 | D:3      | Found a shadowy altar of Dithmenos.
  2069 | D:3      | Noticed Natasha
  2077 | D:3      | Killed Natasha
  2434 | D:4      | Gained mutation: You sometimes emit foul miasma when
                  | damaged in melee. [demonic ancestry]
  2434 | D:4      | Reached XP level 7. HP: 44/50 MP: 7/7
  2445 | D:4      | Noticed Menkaure
  2459 | D:4      | Killed Menkaure
  2460 | D:4      | Reached skill level 8 in Ranged Weapons
  2506 | D:4      | Noticed DrChives's ghost (amateur DrIE)
  2518 | D:4      | Found a transporter.
  2538 | D:4      | Found a snail-covered altar of Cheibriados.
  2538 | D:4      | Found a transporter.
  2625 | D:4      | Found a staircase to the Ecumenical Temple.
  2643 | Temple   | Entered the Ecumenical Temple
  2769 | Temple   | Became a worshipper of Gozag Ym Sagoz the Greedy
  3206 | D:4      | Found a runed translucent door.
  3207 | D:4      | Noticed Crazy Yiuf
  3364 | D:4      | Killed Crazy Yiuf
  3365 | D:4      | Reached skill level 9 in Ranged Weapons
  3522 | D:5      | Entered Level 5 of the Dungeon
  3641 | D:5      | Gained mutation: You have a pair of antennae on your head.
                  | [demonic ancestry]
  3641 | D:5      | Reached XP level 8. HP: 30/56 MP: 8/8
  3933 | D:5      | Reached skill level 10 in Ranged Weapons
  4356 | D:6      | Noticed an air elemental
  4358 | D:6      | Found a stormy altar of Qazlal.
  4375 | D:6      | Identified the +0 cloak of Saech {Int+3 Dex+4}
  4827 | D:7      | Found a flagged portal.
  4847 | Bailey   | Entered a bailey
  4916 | Bailey   | Mangled by an orc warrior

Illustrated notes

Levels and vault maps discovered:
D:1:      psy_arrival_radial02, layout_loops_corners, serial_aquarium,
          aquarium_bridge_square [aquarium_subvault_bridge,
          aquarium_subvault_balcony, aquarium_subvault_bridge,
          aquarium_subvault_bridge], aquarium_bridge_square
          [aquarium_subvault_window, aquarium_subvault_bridge,
          aquarium_subvault_wall, aquarium_subvault_window], aquarium_window_1,
          aquarium_window_2, aquarium_view_2a, aquarium_view_2c,
          aquarium_pool_2, minmay_misc_feat_tower
D:2:      layout_rooms, minivault_26, minmay_split_cup_large, uniq_sigmund
D:3:      layout_loops_ring, old_standard_altar, serial_shops,
          nicolae_diamond_shop, uniq_natasha, uniq_ijyb, uniq_robin
D:4:      layout_basic, slow_altar_1, minmay_temple_entry_arrows,
          gammafunk_ghost_stat_death, minmay_misc_feat_enclosed,
          uniq_crazy_yiuf_cottage, uniq_menkaure
D:5:      layout_loops_ring, st_stairs_11
D:6:      layout_basic, nicolae_qazlal_style_of_elements,
          mainiacjoe_overflow_alcove_1
D:7:      layout_rooms, enter_bailey_3, uniq_duvessa
Temple:   mainiacjoe_temple_coin_purse
Bailey:   bailey_polearm_elven_captive_hellmonk, bailey

Skill      XL: |  1  2  3  4  5  6  7  8 |
---------------+-------------------------+-----
Ranged Weapons | 4 6 7 9 10 | 10.6
Fighting       | |  2.0
Dodging        | |  1.7
Stealth        | |  0.8

Action                     |  1- 3 |  4- 6 |  7- 9 || total
---------------------------+-------+-------+-------++-------
  Melee: Shortbow          |       |     1 |       ||     1
   Fire: Shortbow          |    84 |   174 |   273 ||   531
    Use: Scroll            |       |     5 |    10 ||    15
         Potion            |       |       |     1 ||     1
 Armour: Leather armour    |    14 |       |       ||    14
         Troll leather arm |     1 |    23 |    43 ||    67
  Dodge: Dodged            |    24 |    51 |    78 ||   153

Table legend: (Time is in decaauts)
 A = Elapsed time spent in this place.
 B = Non-inter-level travel time spent in this place.
 C = Inter-level travel time spent in this place.
 D = Time resting spent in this place.
 E = Time spent auto-exploring this place.
 F = Levels seen in this place.
 G = Mean time per level.
                   A        B        C        D        E       F      G
               +--------+--------+--------+--------+--------+-----+--------+
         Total |   4942 |   4717 |    225 |    130 |   3627 |   9 |  549.1 |
       Dungeon |   4737 |   4549 |    188 |    130 |   3512 |   7 |  676.7 |
        Temple |    137 |    100 |     37 |      0 |     80 |   1 |  137.0 |
        Bailey |     67 |     67 |      0 |      0 |     35 |   1 |   67.0 |
               +--------+--------+--------+--------+--------+-----+--------+

Top non-repeatable levels by time:
     D:4: 1018 daAuts
     D:1: 1000 daAuts
     D:3: 808 daAuts
     D:5: 640 daAuts
     D:2: 595 daAuts
     D:6: 587 daAuts
  Temple: 137 daAuts
     D:7: 86 daAuts
  Bailey: 67 daAuts
